 Dungeon Crawl Stone Soup version 0.26-a0-846-gcc8f1ee719 (webtiles) character file.

Game seed: 1862258299595808263

20722 mhtbhm the Blocker (level 12, -22/75 HPs)
             Began as a Gargoyle Fighter on Nov 19, 2020.
             Was a High Priest of Trog.
             Annihilated by a boulder beetle (38 damage)
             ... on level 13 of the Dungeon.
             The game lasted 00:22:52 (14714 turns).

mhtbhm the Blocker (Gargoyle Fighter)              Turns: 14714, Time: 00:22:53

Health: -22/75     AC: 29    Str: 25    XL:     12   Next: 82%
Magic:  12/12      EV:  8    Int:  9    God:    Trog [*****.]
Gold:   727        SH: 13    Dex:  9    Spells: 11/11 levels left

rFire    + + .     SeeInvis .   a - +1 whip (freeze)
rCold    + . .     Faith    .   c - +0 kite shield
rNeg     + . .     Spirit   .   b - +0 plate armour (curse)
rPois    ∞         Reflect  .   (no helmet)
rElec    +         Harm     .   j - scarf {rC+ rF+}
rCorr    .         Rampage  .   J - +0 pair of gloves
MR       .....                  x - +0 pair of boots
Stlth    ..........             (no amulet)
HPRegen  0.22/turn              K - ring of protection from fire
MPRegen  0.13/turn              L - +4 ring of protection

@: berserk cooldown, slowed, very slow
A: negative energy resistance 1, electricity resistance, unbreathing,
petrification resistance, rot immunity, AC +8
a: Berserk, Trog's Hand, Brothers in Arms, Renounce Religion


You were on level 13 of the Dungeon.
You worshipped Trog.
Trog was extremely pleased with you.
You visited 1 branch of the dungeon, and saw 12 of its levels.
You also visited: Ossuary and Bailey.

You collected 792 gold pieces.
You spent 65 gold pieces at shops.

Inventory:

Hand Weapons
 a - a +1 whip of freezing (weapon)
Missiles
 N - 16 curare-tipped darts (quivered)
Armour
 b - a cursed +0 plate armour (worn)
 c - a +0 kite shield (worn)
 j - a scarf of resistance (worn)
 x - a +0 pair of boots (worn)
 J - a +0 pair of gloves (worn)
 Q - a +0 cloak of preservation
Jewellery
 s - a +6 ring of dexterity
 w - an uncursed ring of flight
 C - an uncursed ring of protection from magic
 I - an uncursed ring of resist corrosion
 K - a ring of protection from fire (left hand)
 L - a +4 ring of protection (right hand)
 O - an uncursed ring of fire {unknown}
Wands
 e - a wand of enslavement (9)
 m - a wand of random effects (14)
 n - a wand of disintegration (19)
 y - a wand of polymorph (30)
 B - a wand of iceblast (4)
Scrolls
 g - a scroll of teleportation
 h - 5 scrolls of remove curse
 i - 2 scrolls of fog
 k - 2 scrolls of fear
 l - 3 scrolls of random uselessness {unknown}
 r - 4 scrolls of enchant armour {unknown}
 u - 3 scrolls of amnesia {unknown}
 v - 2 scrolls of brand weapon {unknown}
 z - 2 scrolls of torment {unknown}
 A - 2 scrolls of silence {unknown}
 H - 2 scrolls of enchant weapon {unknown}
 M - a scroll of blinking {unknown}
 P - a scroll of summoning {unknown}
Potions
 d - 2 potions of might
 f - 4 potions of heal wounds
 o - 10 potions of curing
 p - 3 potions of attraction
 q - 5 potions of ambrosia
 t - 6 potions of lignification {unknown}
 D - a potion of mutation
 E - 3 potions of magic {unknown}
 F - a potion of flight {unknown}
 G - 2 potions of haste {unknown}
Miscellaneous
 R - a lightning rod (4/4)


   Skills:
 + Level 8.8 Fighting
 + Level 12.0 Maces & Flails
 + Level 9.3 Armour
 + Level 4.9 Dodging
 + Level 2.2 Stealth
 + Level 12.2 Shields
 + Level 1.1 Unarmed Combat
 + Level 3.5 Evocations


You had 11 spell levels left.
You didn't know any spells.
Your spell library contained the following spells:

 Spells                   Type           Power        Failure   Level
 Animate Skeleton         Necr           #.....       99%         1
 Foxfire                  Conj/Fire      #...         99%         1
 Magic Dart               Conj           #...         99%         1
 Pain                     Necr           #...         99%         1
 Blink                    Tloc           N/A          100%        2
 Call Imp                 Summ           #.......     100%        2
 Slow                     Hex            #.......     100%        2
 Conjure Flame            Conj/Fire      #.......     100%        3
 Inner Flame              Hex/Fire       #.......     100%        3
 Mephitic Cloud           Conj/Pois/Air  #.......     100%        3
 Vampiric Draining        Necr           #.........   100%        3
 Animate Dead             Necr           #.........   100%        4
 Sticky Flame             Conj/Fire      #.......     100%        4
 Agony                    Necr           #.......     100%        5
 Alistair's Intoxication  Tmut/Pois      #........    100%        5
 Fireball                 Conj/Fire      #.........   100%        5


Dungeon Overview and Level Annotations

Branches:
Dungeon (11/15)            Temple (0/1) D:7            Lair (0/6) D:11
Ossuary (visited)          Bailey (visited)
    Orc: D:9-12

Altars:
Elyvilon
Gozag
Hepliaklqana
Kikubaaqudgha
Okawaru
Ru
Trog
Vehumet
Wu Jian
Xom
Yredelemnul
The Shining One

Shops:
D:4 *   D:5 *   D:6 [


Innate Abilities, Weirdness & Mutations

You are resistant to torment.
Your stone body is resilient. (AC +8)
You are immune to poison.
You resist negative energy. (rN+)
You are resistant to electric shocks. (rElec)
You can survive without breathing.
You are immune to petrification.
You are immune to rotting.


Message History

Press: ? - help, Shift-Dir - straight line, f - boulder beetle
Aim: a boulder beetle (heavily wounded, chance to defeat MR: 64%)
The boulder beetle struggles to resist.
The boulder beetle curls into a ball and begins rolling!
Unknown command.
Evoke which item? (* to show all) (? for menu, Esc to quit)
Aiming: Disintegrate
Press: ? - help, Shift-Dir - straight line, f/p - boulder beetle
Aim: a boulder beetle (heavily wounded, chance to defeat MR: 64%)
The boulder beetle is blasted!!
Unknown command.
Evoke which item? (* to show all) (? for menu, Esc to quit)
Aiming: Disintegrate
Press: ? - help, Shift-Dir - straight line, f/p - boulder beetle
Aim: a boulder beetle (severely wounded, chance to defeat MR: 64%)
The boulder beetle struggles to resist.
Unknown command.
The boulder beetle hits you!!!
Ouch! That really hurt!
You die...

... .. .!. .. #.#
######. #.#
......° #.#
......° #†# #
......° #.# .#
......○##.###.#
.......B@.....#
.....:#.(...##...
..... #.....#
##.. #.....#
##.###....?##
............+
###.##.....## . #
#.....#
..####+##.....###


You could see a boulder beetle.

Vanquished Creatures
  The ghost of zarzak the Octopoid Cataclysm, a journeyman OpFi of Qazlal (D:10)
  A hydra (D:11)
  5 two-headed ogres
  A centaur warrior (D:13)
  A tengu warrior (D:8)
  Sonja (D:10)
  2 unseen horrors
  Pikel (D:5)
  An orc knight (Bailey)
  An ugly thing (D:11)
  A cyclops (D:13)
  Maurice (D:10)
  2 gargoyles (D:10)
  Joseph (D:7)
  Psyche (D:10)
  A tengu conjurer (D:8)
  2 trolls
  The ghost of miscthings the Conjurer, an amateur HuCj (D:4)
  3 slime creatures (D:13)
  Sigmund (D:5)
  3 wyverns
  2 wraiths
  A vampire (D:10)
  2 basilisks (D:11)
  2 yaks
  Eustachio (D:4)
  A soldier ant (D:13)
  Menkaure (D:7)
  An acid dragon (D:11)
  A water moccasin (D:11)
  14 orc warriors
  3 sky beasts
  3 ice beasts
  A black bear (D:10)
  3 necrophages
  An eye of draining (D:13)
  6 ogres
  A phantom (D:5)
  A lemure (D:5)
  4 centaurs
  6 bullfrogs
  A gnoll sergeant (D:10)
  A water moccasin zombie (D:11)
  7 scorpions
  5 killer bees (D:9)
  3 howler monkeys (D:11)
  5 wights (D:10)
  2 bullfrog zombies
  A centaur zombie (D:6)
  5 bullfrog skeletons
  11 hounds
  5 orc wizards
  Crazy Yiuf (D:2)
  2 orc priests
  3 jellies
  2 centaur skeletons
  Jessica (D:2)
  Ijyb (D:3)
  2 iguanas
  6 worker ants
  A big kobold zombie (Ossuary)
  3 hound skeletons (D:4)
  A howler monkey zombie (D:10)
  9 mummies
  14 gnolls
  14 adders
  2 howler monkey skeletons
  2 shadow imps
  3 ufetubi
  An ooze (D:2)
  2 adder skeletons
  6 worms
  3 dart slugs
  8 leopard geckos
  36 orcs
  A ball python (D:4)
  4 bats
  3 giant cockroaches
  2 gnoll zombies (Ossuary)
  10 goblins
  4 hobgoblins
  11 jackals
  2 quokkas (D:3)
  9 frilled lizards
  2 hobgoblin zombies (Ossuary)
  A jackal zombie (D:6)
  11 kobolds
  3 kobold zombies (Ossuary)
  A leopard gecko zombie (D:5)
  4 rats
  3 bushes (D:1)
327 creatures vanquished.

Vanquished Creatures (others)
  2 orcs (Bailey)
  5 plants (D:1)
7 creatures vanquished.

Grand Total: 334 creatures vanquished

Notes
Turn   | Place    | Note
-------+----------+-------------------------------------------
     0 | D:1      | mhtbhm the Gargoyle Fighter began the quest for the Orb.
     0 | D:1      | Reached XP level 1. HP: 14/14 MP: 1/1
   143 | D:1      | Reached XP level 2. HP: 19/19 MP: 2/2
   916 | D:2      | Noticed Jessica
   921 | D:2      | Killed Jessica
   922 | D:2      | Reached XP level 3. HP: 22/24 MP: 3/3
  1026 | D:2      | Reached XP level 4. HP: 15/29 MP: 4/4
  1380 | D:2      | Found an ornate altar of the Wu Jian Council.
  1589 | D:2      | Found a hazy altar of Hepliaklqana.
  1645 | D:2      | Found a runed translucent door.
  1646 | D:2      | Noticed Crazy Yiuf
  1720 | D:2      | Found a faded altar of an unknown god.
  1722 | D:2      | Became a worshipper of Trog the Wrathful
  1722 | D:2      | Reached * piety under Trog
  1849 | D:2      | Killed Crazy Yiuf
  1850 | D:2      | Reached XP level 5. HP: 11/33 MP: 3/5
  2070 | D:3      | Noticed Ijyb
  2080 | D:3      | Killed Ijyb
  2472 | D:3      | Reached XP level 6. HP: 38/38 MP: 6/6
  2673 | D:3      | Reached ** piety under Trog
  2749 | D:3      | Found an iron altar of Okawaru.
  2943 | D:3      | Found a sacrificial altar of Ru.
  3163 | D:4      | Found a runed translucent door.
  3168 | D:4      | Noticed miscthings's ghost (amateur HuCj)
  3279 | D:4      | Reached skill level 1 in Dodging
  3279 | D:4      | Reached XP level 7. HP: 43/43 MP: 7/7
  3304 | D:4      | Killed miscthings's ghost
  3305 | D:4      | Reached skill level 5 in Armour
  3305 | D:4      | Reached skill level 5 in Shields
  3317 | D:4      | Found a runed translucent door.
  3545 | D:4      | Reached skill level 5 in Maces & Flails
  3571 | D:4      | Noticed Eustachio
  3591 | D:4      | Killed Eustachio
  3592 | D:4      | Reached XP level 8. HP: 48/48 MP: 8/8
  4287 | D:4      | Found Timaolif's General Store.
  4465 | D:5      | Entered Level 5 of the Dungeon
  4467 | D:5      | Reached *** piety under Trog
  4567 | D:5      | Found Dolettuf's General Store.
  4625 | D:5      | Bought a potion of heal wounds for 65 gold pieces
  4642 | D:5      | Noticed Sigmund
  4647 | D:5      | Killed Sigmund
  4648 | D:5      | Reached skill level 1 in Stealth
  4710 | D:5      | Noticed Pikel
  4729 | D:5      | Killed Pikel
  4730 | D:5      | Reached skill level 5 in Fighting
  4730 | D:5      | Reached skill level 1 in Evocations
  4781 | D:5      | Reached XP level 9. HP: 54/54 MP: 9/9
  4815 | D:5      | Found a transporter.
  4823 | D:5      | Found a transporter.
  4861 | D:5      | Found a shimmering altar of Xom.
  4885 | D:5      | Found a bloodstained altar of Trog.
  5087 | D:5      | Found a glowing golden altar of the Shining One.
  5087 | D:5      | Found a basalt altar of Yredelemnul.
  5087 | D:5      | Found an ancient bone altar of Kikubaaqudgha.
  5088 | D:5      | Found a white marble altar of Elyvilon.
  5614 | D:6      | Found a radiant altar of Vehumet.
  5872 | D:6      | Noticed a two-headed ogre
  5882 | D:6      | Killed a two-headed ogre
  5883 | D:6      | Reached XP level 10. HP: 36/60 MP: 10/10
  6122 | D:6      | Found Liza Eck's Armour Emporium.
  6448 | D:6      | Reached **** piety under Trog
  6856 | D:7      | Found a staircase to the Ecumenical Temple.
  6858 | D:7      | Noticed Menkaure
  6870 | D:7      | Killed Menkaure
  6990 | D:7      | Noticed Joseph
  7011 | D:7      | Killed Joseph
  7042 | D:7      | Found a sand-covered staircase.
  7051 | Ossuary  | Entered an ossuary
  7707 | D:7      | Found an opulent altar of Gozag.
  8069 | D:8      | Noticed a tengu warrior
  8090 | D:8      | Killed a tengu warrior
  8511 | D:8      | Noticed a two-headed ogre
  8528 | D:8      | Killed a two-headed ogre
  8529 | D:8      | Reached skill level 10 in Maces & Flails
  8605 | D:8      | You fall into a shaft and drop 2 floors!
  8605 | D:10     | Entered Level 10 of the Dungeon
  8798 | D:10     | Killed an unseen horror
  8799 | D:10     | Reached XP level 11. HP: 19/67 MP: 11/11
  9131 | D:10     | Noticed Sonja
  9203 | D:10     | Killed Sonja
  9518 | D:10     | Found a large runed translucent door.
  9518 | D:10     | Found a large runed translucent door.
  9521 | D:10     | Noticed zarzak's ghost (journeyman OpFi)
  9598 | D:10     | Noticed Psyche
  9611 | D:10     | Killed Psyche
 10170 | D:10     | Reached ***** piety under Trog
 10373 | D:10     | Noticed Maurice
 10400 | D:10     | Killed Maurice
 10485 | D:10     | Reached skill level 10 in Shields
 10816 | D:10     | Killed zarzak's ghost
 11002 | D:9      | Reached skill level 1 in Unarmed Combat
 11025 | D:9      | Received a gift from Trog
 12524 | D:11     | Found a staircase to the Lair.
 12576 | D:11     | Noticed a brown ugly thing
 12611 | D:11     | Killed a brown ugly thing
 12612 | D:11     | Reached XP level 12. HP: 74/74 MP: 12/12
 12672 | D:11     | Noticed a two-headed ogre
 12683 | D:11     | Killed a two-headed ogre
 12741 | D:11     | Found a flagged portal.
 12748 | Bailey   | Entered a bailey
 13047 | Bailey   | Found a roughly hewn altar of Beogh.
 13279 | Bailey   | Identified the Guide on Flames and Contamination
 13790 | D:11     | Noticed a five-headed hydra
 13806 | D:11     | Killed a five-headed hydra
 14097 | D:11     | Noticed a two-headed ogre
 14106 | D:11     | Killed a two-headed ogre
 14306 | D:11     | You fall into a shaft and drop 2 floors!
 14306 | D:13     | Noticed a two-headed ogre
 14308 | D:13     | Noticed a centaur warrior
 14321 | D:13     | Killed a two-headed ogre
 14337 | D:13     | Killed a centaur warrior
 14702 | D:13     | Noticed a boulder beetle
 14714 | D:13     | Annihilated by a boulder beetle

Illustrated notes

Levels and vault maps discovered:
D:1:      dpeg_arrival_tiny_k, layout_loops_ring, serial_forest,
          infiniplex_forest_join, infiniplex_forest_clump_small,
          infiniplex_forest_fountain, infiniplex_forest_lined_2,
          infiniplex_forest_straight_2, infiniplex_forest_lined_corner,
          serial_bayou_pond_a, minmay_strange_pillars, st_stairs_14,
          corexii_leaking_fountain
D:2:      layout_rooms, general_overflow_altar, lemuel_doored_altar,
          chequers_ecumenical_altar_twisty, uniq_jessica,
          uniq_crazy_yiuf_cottage
D:3:      layout_rooms, marbit_many_paths, okawaru_ov_weapons_minmay, uniq_ijyb
D:4:      layout_loops_corners, ebering_ghost_sewer_f, serial_shops, shop,
          minmay_liquid_box, uniq_eustachio
D:5:      layout_loops_cross, gammafunk_temple_overflow_arena,
          chequers_temple_overflow_statue_of_worship, basic_altar, serial_shops,
          shop, uniq_pikel, uniq_sigmund
D:6:      minmay_general_purpose_star, layout_basic, kennysheep_mini,
          serial_shops, shop, lemuel_flamethrower_1
D:7:      layout_loops_ring, nicolae_overflow_hidden_temple,
          minmay_temple_entry_stoned_glass, gup_ossuary_entry_pyramid,
          uniq_joseph, uniq_menkaure
D:8:      layout_rooms, roderic_lattice_a
D:9:      layout_stronghold, serial_column_ruins, column_ruins_courtyard_long,
          column_ruins_hut, column_ruins_open_small,
          column_ruins_columns_straight, column_ruins_open_tiny,
          column_ruins_open_tiny, column_ruins_open_medium,
          column_ruins_corridor_corner, minmay_misc_feat_iff,
          grunt_ministairs_5, chequers_serial_rivers_micro_a,
          minmay_misc_feat_nine_boxes
D:10:     minmay_razor_zed, layout_loops_cross, ebering_ghost_disaster_area,
          uniq_sonja, uniq_maurice, uniq_psyche
D:11:     layout_stronghold, david_lair_generic, enter_bailey_3
D:13:     layout_basic, skrybe_vaults_entry_preservation

Skill      XL: |  1  2  3  4  5  6  7  8  9 10 11 12 |
---------------+-------------------------------------+-----
Fighting       | 4 5 6 7 8 |  8.8
Armour         | 4 5 6 7 8 9 |  9.3
Shields        | 4 5 6 7 9 11 12 | 12.2
Maces & Flails | 3 4 5 7 8 10 11 12 | 12.0
Dodging        | 1 2 3 4 |  4.9
Stealth        | 1 2 |  2.2
Evocations     | 1 3 |  3.5
Unarmed Combat | 1 |  1.1

Action                   |  1- 3 |  4- 6 |  7- 9 | 10-12 || total
-------------------------+-------+-------+-------+-------++-------
Melee: Flail             |   246 |    96 |       |       ||   342
       Mace              |       |   185 |   147 |       ||   332
       Whip              |       |       |   198 |  1308 ||  1506
       Unarmed           |       |       |       |     8 ||     8
Invok: Berserk           |       |     1 |     6 |    16 ||    23
 Abil: Evoke Flight      |       |       |       |     3 ||     3
Evoke: Wand              |       |       |    10 |    28 ||    38
  Use: Scroll            |       |     4 |     3 |    10 ||    17
       Potion            |       |       |     1 |     1 ||     2
Armor: Scale mail        |    42 |   117 |   123 |   233 ||   515
       Plate armour      |       |       |       |   202 ||   202
       Skin              |       |       |       |     1 ||     1
Dodge: Dodged            |    30 |    84 |    78 |   245 ||   437
Block: Kite shield       |    38 |   160 |   152 |   557 ||   907

Table legend: (Time is in decaauts)
 A = Elapsed time spent in this place.
 B = Non-inter-level travel time spent in this place.
 C = Inter-level travel time spent in this place.
 D = Time resting spent in this place.
 E = Time spent auto-exploring this place.
 F = Levels seen in this place.
 G = Mean time per level.
                   A        B        C        D        E       F      G
               +--------+--------+--------+--------+--------+-----+--------+
         Total |  14613 |  14482 |    131 |   3168 |   7016 |  14 | 1043.8 |
       Dungeon |  13268 |  13137 |    131 |   2644 |   6614 |  12 | 1105.7 |
       Ossuary |    321 |    321 |      0 |     76 |    136 |   1 |  321.0 |
        Bailey |   1024 |   1024 |      0 |    447 |    265 |   1 | 1024.0 |
               +--------+--------+--------+--------+--------+-----+--------+

Top non-repeatable levels by time:
    D:10: 2282 daAuts
     D:4: 1370 daAuts
     D:6: 1283 daAuts
     D:9: 1182 daAuts
     D:2: 1182 daAuts
     D:3: 1154 daAuts
     D:5: 1061 daAuts
  Bailey: 1024 daAuts
     D:1: 999 daAuts
     D:8: 910 daAuts
     D:7: 779 daAuts
    D:11: 693 daAuts
    D:13: 368 daAuts
 Ossuary: 321 daAuts
